 Dungeon Crawl Stone Soup version 0.19-a0-414-g76fec5b (webtiles) character file.

319 wvc the Chopper (level 6, -1/44 HPs)
             Began as a Mummy Wanderer on May 31, 2016.
             Was an Initiate of Cheibriados.
             Slain by a mummy (14 damage)
             ... in an ossuary.
             The game lasted 00:07:48 (4184 turns).

wvc the Chopper (Mummy Wanderer)                    Turns: 4184, Time: 00:07:49

Health: -1/44      AC:  6    Str: 16    XL:     6   Next: 21%
Magic:  7/7        EV: 10    Int: 11    God:    Cheibriados [......]
Gold:   170        SH:  0    Dex: 16    Spells: 0 memorised, 7 levels left

rFire  x . .     SeeInvis .     a - +2 hand axe
rCold  + . .     Gourm    .     b - +0 ring mail
rNeg   + + +     Faith    .     (no shield)
rPois  ∞         Spirit   .     (no helmet)
rElec  .         Dismiss  .     (no cloak)
rCorr  .         Reflect  .     o - +0 pair of gloves
SustAt .         Harm     .     (no boots)
MR     .....                    f - amulet of magic regeneration
Stlth  +.........               (no ring)
                                (no ring)

@: very slow, not resistant to hostile enchantments, very unstealthy
A: no food or potions, fire vulnerability, cold resistance 1, negative energy
resistance 3, torment resistance, unbreathing
a: Bend Time, Renounce Religion


You were in an ossuary.
You worshipped Cheibriados.
Cheibriados was noncommittal.
You were not hungry.

You visited 2 branches of the dungeon, and saw 5 of its levels.
You also visited: Ossuary.

You collected 170 gold pieces.

Inventory:

Hand Weapons
 a - a +2 hand axe (weapon)
 g - a +1 short sword of venom
 j - a cursed -1 dagger
Missiles
 n - 6 tomahawks (quivered)
Armour
 b - a +0 ring mail (worn)
 o - a +0 pair of gloves (worn)
Jewellery
 f - an amulet of magic regeneration (around neck)
 k - an uncursed ring of see invisible
Scrolls
 c - 2 scrolls of teleportation
 d - a scroll of immolation {unknown}
 e - 2 scrolls of remove curse
 h - a scroll of amnesia
 i - a scroll of magic mapping
 l - a scroll of enchant armour


   Skills:
 - Level 2.0 Fighting
 + Level 5.5 Axes
 - Level 1.0 Throwing
 - Level 1.0 Armour
   Level 1.0 Shields
 - Level 1.0 Spellcasting
   Level 1.5 Poison Magic


You had 7 spell levels left.
You didn't know any spells.

Dungeon Overview and Level Annotations

Branches:
Dungeon (4/15)             Temple (1/1) D:4

Altars:
Ashenzari
Cheibriados
Hepliaklqana
Makhleb
Nemelex Xobeh
Pakellas
Ru
Vehumet
Xom
Yredelemnul
Zin


Innate Abilities, Weirdness & Mutations

You do not eat or drink.
Your flesh is vulnerable to fire.
You are immune to poison.
Your flesh is cold resistant. (rC+)
You are immune to negative energy. (rN+++)
You are immune to unholy pain and torment.
You can survive without breathing.


Message History

The mummy is lightly damaged.
The mummy closely misses you.
You hit the mummy but do no damage.
The mummy is lightly damaged.
You barely miss the mummy.
The mummy is lightly damaged.
The mummy hits you!
You hit the mummy.
The mummy is lightly damaged.
The mummy closely misses you.
You hit the mummy.
The mummy is moderately damaged.
You hit the mummy.
The mummy is heavily damaged.
The mummy hits you!
* * * LOW HITPOINT WARNING * * *
Your ring mail prevents you from hitting the mummy.
The mummy is heavily damaged.
The mummy hits you!
You die...

#############
(....MM@....##
...####......##
.. ##..##......#
..##....##.....#
...............#
..............##
.............##
#........##+#
#......##


You could see 2 mummies.

Vanquished Creatures
  2 scorpions (D:4)
  6 mummies (Ossuary)
  5 adders
  An ooze (D:2)
  3 dart slugs
  3 giant geckos
  2 orcs
  5 giant cockroaches
  6 goblins
  3 hobgoblins
  9 jackals
  8 kobolds
  A quokka (D:2)
  2 ball pythons
  6 bats
  A giant gecko skeleton (D:4)
  3 giant newts
  3 gnoll zombies (Ossuary)
  3 kobold zombies (Ossuary)
  2 orc zombies (Ossuary)
  13 rats
87 creatures vanquished.

Notes
Turn   | Place    | Note
--------------------------------------------------------------
     0 | D:1      | wvc the Mummy Wanderer began the quest for the Orb.
     0 | D:1      | wvc set off with: a +2 hand axe, a +0 ring mail, a scroll of teleportation
     0 | D:1      | Reached XP level 1. HP: 16/16 MP: 2/2
    60 | D:1      | Reached skill level 2 in Axes
   158 | D:1      | Reached XP level 2. HP: 22/22 MP: 3/3
   800 | D:1      | Reached XP level 3. HP: 27/27 MP: 4/4
   940 | D:2      | Reached skill level 3 in Axes
  1178 | D:2      | Found an oddly glowing altar of Pakellas.
  1210 | D:2      | Reached XP level 4. HP: 17/33 MP: 5/5
  1864 | D:3      | Reached skill level 4 in Axes
  2772 | D:4      | Reached XP level 5. HP: 6/38 MP: 6/6
  2814 | D:4      | Found a staircase to the Ecumenical Temple.
  2825 | Temple   | Entered the Ecumenical Temple
  2996 | Temple   | Became a worshipper of Cheibriados the Contemplative
  3155 | D:4      | Reached skill level 5 in Axes
  3199 | D:4      | Found a sand-covered staircase.
  3204 | Ossuary  | Entered an ossuary
  3498 | Ossuary  | Reached XP level 6. HP: 9/44 MP: 7/7
  4184 | Ossuary  | Slain by a mummy

Vault maps used:
D:1:      grunt_arrival_crossed_arrows
D:2:      overflow_temple_1_default, serial_glass, glass_columns_b,
          glass_columns_b, feat_on_display, due_unseen_surprise,
          minmay_strange_pillars, feat_on_display, corexii_shack,
          grunt_ministairs_8, serial_bayou_ford_a
D:4:      temple_pool_b, enter_ossuary_2
Temple:   roderic_octagonal_lattice_temple
Ossuary:  ossuary_tomb_3

Skill      XL: |  1  2  3  4  5 |
---------------+----------------+-----
Axes           | 2 3 4 5 |  5.5
Fighting       | |  2.0
Throwing       | |  1.0
Armour         | |  1.0
Shields        | |  1.0
Spellcasting   | |  1.0
Poison Magic   | |  1.5

Action                   |  1- 3 |  4- 6 || total
-------------------------+-------+-------++-------
Melee: Hand axe          |    98 |   192 ||   290
Throw: Tomahawk          |       |     9 ||     9
Evoke: Wand              |       |     7 ||     7
  Use: Scroll            |       |     7 ||     7
Armor: Ring mail         |    37 |    63 ||   100
Dodge: Dodged            |    53 |    85 ||   138
